 Dungeon Crawl Stone Soup version 0.29.0-11-gd7f09526c8 (webtiles) character file.

Game seed: 12239932431598123059

107 styxcanada the Covert (level 4, -2/23 HPs)
             Began as a Spriggan Brigand on Sept 5, 2022.
             Was an Initiate of Gozag.
             Slain by a gnoll
             ... wielding a +0 spear
              (6 damage)
             ... on level 3 of the Dungeon.
             The game lasted 00:06:41 (2085 turns).

styxcanada the Covert (Spriggan Brigand)            Turns: 2085, Time: 00:06:42

Health: -2/23      AC:  3    Str:  7    XL:     4   Next: 56%
Magic:  5/5        EV: 17    Int: 12    God:    Gozag
Gold:   160        SH:  0    Dex: 18    Spells: 3/3 levels left

rFire   . . .      SeeInvis +   a - +2 dagger
rCold   . . .      Faith    .   (no shield)
rNeg    . . .      Spirit   .   b - +0 robe
rPois   +          Reflect  .   (helmet restricted)
rElec   .          Harm     .   c - +0 cloak
rCorr   .          Rampage  .   (gloves unavailable)
Will    .....                   (boots unavailable)
Stlth   ++++......              (no amulet)
HPRegen 0.07/turn               n - ring of poison resistance
MPRegen 0.09/turn               (no ring)

@: gold aura, very quick
A: very small, no large weapons, unfitting armour, see invisible, speed 3
a: Renounce Religion, Potion Petition, Call Merchant, Bribe Branch


You were on level 3 of the Dungeon.
You worshipped Gozag.
Gozag was aware of your devotion.
You visited 1 branch of the dungeon, and saw 3 of its levels.

You collected 182 gold pieces.
You paid 22 gold pieces to Gozag.

Inventory:

Hand Weapons
 a - a +2 dagger (weapon)
 k - a +0 sling
Missiles
 g - 12 stones (quivered)
 q - 4 boomerangs
Armour
 b - a +0 robe (worn)
 c - a +0 cloak (worn)
Magical Staves
 j - a staff of cold
Jewellery
 n - a ring of poison resistance (left hand)
Scrolls
 f - 3 scrolls of identify {unknown}
 i - 2 scrolls of butterflies {unknown}
 l - a scroll of amnesia {unknown}
 p - a scroll of acquirement {unknown}
 r - a scroll of enchant armour {unknown}
Potions
 h - a potion of might {unknown}
 m - 2 potions of curing {unknown}
 o - a potion of ambrosia {unknown}


   Skills:
 * Level 2.0 Fighting
 + Level 2.6 Short Blades
 + Level 2.1 Throwing
 * Level 2.3 Dodging
 * Level 8.1 Stealth


You had 3 spell levels left.
You didn't know any spells.
Your spell library was empty.

Dungeon Overview and Level Annotations

Branches:
Dungeon (3/15)

Altars:
Gozag


Innate Abilities, Weirdness & Mutations

You are very small and have problems with some larger weapons.
You are too small for most types of armour.
You have supernaturally acute eyesight. (SInv)
You cover ground extremely quickly. (Speed+++)


Message History

You closely miss the kobold.
The gnoll hits you from afar with a +0 spear.
The kobold barely misses you. The gnoll misses you.
You hit the gnoll.
The gnoll is severely wounded.
You hit the gnoll.
The gnoll is almost dead.
The gnoll barely misses you. The kobold completely misses you.
The gnoll barely misses you.
You hit the gnoll but do no damage.
The gnoll is almost dead.
The gnoll barely misses you. The kobold misses you.
The gnoll completely misses you.
You hit the gnoll.
You kill the gnoll!
The gnoll barely misses you. The kobold completely misses you.
You closely miss the kobold. The gnoll misses you. The kobold misses you.
You hit the kobold but do no damage. The gnoll barely misses you.
The kobold is distracted by your dazzling golden aura.
The kobold shouts!
You hit the kobold.
The kobold is no longer distracted by gold.
The kobold is moderately wounded.
The kobold barely misses you. The gnoll misses you.
You hit the kobold.
You kill the kobold!
The gnoll is distracted by your dazzling golden aura.
Things that are here:
4 gold pieces; a +0 dagger; 2 stones The gnoll shouts!
You hit the gnoll.
The gnoll is no longer distracted by gold.
The gnoll is lightly wounded.
The gnoll hits you with a +0 spear!
* * * LOW HITPOINT WARNING * * *
You hit the gnoll.
The gnoll is heavily wounded.
The gnoll hits you with a +0 spear.
You die...
Your body crumbles into a pile of gold.

#........# #.....(.?#
#......<.# #........#
#........# #........#
##########'####
#########(..$($.$....#
............$(.g@....#
....................$#
..........####......##
..........# #......#
....$...$.# #.....[.#
..........# #.......#
..........# #.......#
..$.......# #.........
..........#
#......###.


You could see a gnoll.

Vanquished Creatures
  3 gnolls (D:3)
  3 adders
  A worm (D:2)
  3 dart slugs (D:1)
  5 ball pythons
  3 endoplasms
  2 giant cockroaches (D:1)
  2 hobgoblins (D:2)
  2 jackals (D:1)
  2 quokkas (D:2)
  3 bats
  4 frilled lizards
  4 goblins
  2 kobolds
  7 rats
46 creatures vanquished.

Notes
Turn   | Place    | Note
-------+----------+-------------------------------------------
     0 | D:1      | styxcanada the Spriggan Brigand began the quest for the
                  | Orb.
     0 | D:1      | Reached XP level 1. HP: 10/10 MP: 2/2
    81 | D:1      | Reached skill level 6 in Stealth
   158 | D:1      | Reached XP level 2. HP: 5/15 MP: 3/3
   671 | D:1      | Reached skill level 7 in Stealth
   752 | D:1      | Reached XP level 3. HP: 18/18 MP: 4/4
   934 | D:2      | Found an opulent altar of Gozag.
   940 | D:2      | Became a worshipper of Gozag Ym Sagoz the Greedy
  2039 | D:3      | Reached XP level 4. HP: 20/23 MP: 5/5
  2067 | D:3      | Reached skill level 8 in Stealth
  2085 | D:3      | Slain by a gnoll

Illustrated notes

Levels and vault maps discovered:
D:1:      nzn_arrival_crosshair, layout_loops_ring, st_stairs_9
D:2:      layout_loops_ring, basic_altar
D:3:      layout_basic

Skill      XL: |  1  2  3  4 |
---------------+-------------+-----
Stealth        | 6 7 8 |  8.1
Dodging        | 2 |  2.3
Fighting       | 2 |  2.0
Short Blades   | |  2.6
Throwing       | |  2.1

Action                   |  1- 3 |  4- 6 || total
-------------------------+-------+-------++-------
Melee: Dagger            |    86 |    23 ||   109
       Punch             |     1 |       ||     1
Throw: Dart              |    16 |     2 ||    18
 Stab: Sleeping          |    15 |       ||    15
       Distracted        |     1 |       ||     1
Armor: Robe              |     6 |     1 ||     7
Dodge: Dodged            |    58 |    30 ||    88
